 Dungeon Crawl Stone Soup version 0.17.0-17-ge4ba49f (webtiles) character file.

19013 Leibowitz the Nimble (level 13, -2/80 HPs)
             Began as a Kobold Berserker on Nov 11, 2015.
             Was a High Priest of Trog.
             Killed by Ozocubu's Refrigeration
             ... invoked by Fannar
              (22 damage)
             ... on level 1 of the Lair of Beasts.
             The game lasted 00:33:10 (11448 turns).

Leibowitz the Nimble (Kobold Berserker)            Turns: 11448, Time: 00:33:10

Health: -2/80      AC: 13    Str: 17    XL:     13   Next: 1%
Magic:  16/16      EV: 17    Int:  5    God:    Trog [*****.]
Gold:   305        SH:  8    Dex: 19    Spells: 0 memorised, 12 levels left

rFire  . . .     SeeInvis +     f - +1 dagger (venom)
rCold  . . .     Clarity  .     z - +3 chain mail {rPois}
rNeg   . . .     SustAt   .     w - +0 buckler
rPois  +         Gourm    .     (no helmet)
rElec  .         Spirit   .     (no cloak)
rCorr  .         Warding  .     (no gloves)
rMut   .         Stasis   .     (no boots)
MR     +++..                    (no amulet)
Stlth  +++.......               G - ring of protection from magic
                                n - ring of see invisible

@: exhausted, regenerating, slowed, studying 2 skills, very slow, extremely
resistant to hostile enchantments, fairly stealthy
A: carnivore 3
a: Berserk, Trog's Hand, Brothers in Arms, Burn Spellbooks, Renounce Religion


You were on level 1 of the Lair of Beasts.
You worshipped Trog.
Trog was extremely pleased with you.
You were not hungry.

You visited 2 branches of the dungeon, and saw 10 of its levels.
You also visited: Bailey.

You collected 634 gold pieces.
You spent 329 gold pieces at shops.

Inventory:

Hand Weapons
 a - the +6 dagger "Zisono" {drain, Int+2 Dex+2}
   (You found it on level 4 of the Dungeon)

   A truly terrible weapon, it drains the life of those it strikes.
   It affects your intelligence (+2).
   It affects your dexterity (+2).
 b - a +0 blowgun
 e - a +0 short sword
 f - a +1 dagger of venom (weapon)
Missiles
 j - 6 curare-tipped needles
 l - 30 poisoned needles
Armour
 w - a +0 buckler (worn)
 z - a +3 chain mail of poison resistance (worn)
 F - the +1 leather armour "Esaige" {rC- Str+3 Dex+3}
   (You found it on level 9 of the Dungeon)

   It affects your strength (+3).
   It affects your dexterity (+3).
   It makes you vulnerable to cold.
Jewellery
 n - a ring of see invisible (left hand)
 G - a ring of protection from magic (right hand)
Wands
 q - a wand of magic darts (0)
 r - a wand of frost (35)
 s - a wand of slowing (17)
 y - a wand of frost (31)
 B - a wand of disintegration (9)
Scrolls
 d - a scroll of remove curse
 h - 10 scrolls of identify
 k - 2 scrolls of enchant armour
 o - a scroll of recharging
 u - 2 scrolls of fog
 A - 2 scrolls of magic mapping
Potions
 g - a potion of curing
 i - a potion of flight
 m - a potion of might
 C - a potion of agility
 D - a potion of poison {unknown}
Books
 t - a manual of Shields
 E - a manual of Armour
Comestibles
 c - 11 meat rations
 p - 4 beef jerkies
 v - 7 slices of pizza
 x - a royal jelly


   Skills:
 + Level 8.9 Fighting
 + Level 10.5 Short Blades
 + Level 4.9 Throwing
 + Level 7.3 Armour
 + Level 11.6 Dodging
 + Level 11.2 Stealth
 + Level 7.8 Shields
 + Level 4.0 Evocations


You had 12 spell levels left.
You didn't know any spells.

Dungeon Overview and Level Annotations

Branches:
Dungeon (9/15)             Temple (0/1) D:7            Lair (1/8) D:9
    Orc: D:9-12

Altars:
Ashenzari
Cheibriados
Gozag
Kikubaaqudgha
Makhleb
Okawaru
Trog
Vehumet

Shops:
D:8 [

Annotations:
Lair:1 Fannar


Innate Abilities, Weirdness & Mutations

You are small and have problems with some larger weapons.
You are carnivorous and can eat meat at any time.


Message History

Fannar shouts!
Fannar mumbles some strange words.
Fannar gestures wildly while chanting.
Your skin crawls.
You feel resistant to hostile enchantments.
You feel slightly more hungry.
Fannar mumbles some strange words.
Your ogre goes berserk!
You feel somewhat more hungry.
Your ogre hits the ice beast with a giant club!!
Your ogre barely misses the ice beast.
Your ogre barely misses the ice beast.
The ice beast barely misses you.
Your ogre hits the ice beast with a giant club!!!
The ice beast dies!
Fannar blocks your ogre's attack.
You hit Fannar.
Fannar is poisoned.
Fannar is lightly wounded.
Fannar casts a spell.
Fannar drains the heat from the surrounding environment!
You feel very cold.
You die...

#...#.......##.......#
##
...#........#........#
#. ##..........#.l....
# ##..........#
##...##....#
#..........#
##.........#
#.........#####
#####.....#@..#
##.....##e..#
#.......OY..#.#
##...#.#......#
####...##...##
#>..##...# #...##..[..
#######...## ....#


You could see Fannar, an ice beast and a friendly ogre (berserk).

Vanquished Creatures
  Erolcha (D:8)
  Urug (Lair:1)
  Pikel (D:9)
  Joseph (D:9)
  A komodo dragon (Lair:1)
  A two-headed ogre (D:8)
  A troll (D:9)
  4 blink frogs (Lair:1)
  Grinder (D:4)
  The ghost of DrakieV the Grave Robber, an amateur DENe (D:6)
  13 yaks
  A human (D:7)
  2 hippogriffs (Lair:1)
  The ghost of DrakieV the Ducker, an amateur MfIE (D:4)
  8 wolves
  Edmund (D:6)
  2 porcupines (Lair:1)
  10 orc warriors (Bailey)
  A necrophage (D:8)
  A wasp (D:8)
  2 slaves (D:9)
  3 ogres
  2 sky beasts
  A black bear (D:8)
  3 phantoms
  13 centaurs
  3 crocodiles (Lair:1)
  A gnoll sergeant (D:7)
  8 giant frogs
  3 scorpions (D:9)
  An electric eel (D:8)
  A crimson imp (D:4)
  3 quasits
  An orc priest (D:8)
  2 hounds
  2 jellies
  2 orc wizards
  Natasha (thrice) (D:2)
  7 iguanas
  7 worker ants
  2 sheep (D:7)
  12 gnolls
  8 adders
  5 shadow imps
  A river rat (Lair:1)
  3 oozes
  2 adder zombies
  An adder skeleton (D:8)
  A worm (D:2)
  4 giant geckos
  41 orcs
  9 bats
  3 giant cockroaches
  18 goblins
  13 hobgoblins
  12 jackals
  7 kobolds
  4 quokkas
  A ball python (D:2)
  A giant gecko zombie (D:7)
  3 giant newts
  7 rats
279 creatures vanquished.

Vanquished Creatures (others)
  An orc wizard (D:9)
  2 orcs (D:9)
  A fungus (Lair:1)
  A plant (Lair:1)
5 creatures vanquished.

Grand Total: 284 creatures vanquished

Notes
Turn   | Place    | Note
--------------------------------------------------------------
     0 | D:1      | Leibowitz the Kobold Berserker began the quest for the Orb.
     0 | D:1      | Reached XP level 1. HP: 14/14 MP: 1/1
   127 | D:1      | Reached XP level 2. HP: 17/19 MP: 2/2
   728 | D:2      | Reached skill level 1 in Stealth
   732 | D:2      | Reached XP level 3. HP: 21/24 MP: 3/3
   821 | D:2      | Reached ** piety under Trog
  1549 | D:2      | Noticed Natasha
  1560 | D:2      | Killed Natasha
  1560 | D:2      | Reached XP level 4. HP: 22/29 MP: 4/4
  1665 | D:2      | Found a shattered altar of Ashenzari.
  1750 | D:2      | Noticed Natasha
  1759 | D:2      | Killed Natasha
  1768 | D:2      | Noticed Natasha
  1782 | D:2      | Killed Natasha
  1797 | D:2      | Reached XP level 5. HP: 29/33 MP: 5/5
  2036 | D:3      | Found an opulent altar of Gozag.
  2042 | D:3      | Found a snail-covered altar of Cheibriados.
  2306 | D:3      | Reached *** piety under Trog
  2691 | D:3      | Reached XP level 6. HP: 38/38 MP: 6/6
  3102 | D:4      | Reached skill level 5 in Short Blades
  3102 | D:4      | Reached skill level 5 in Dodging
  3133 | D:4      | Got a sapphire dagger
  3134 | D:4      | Identified the +6 dagger "Zisono" {drain, Int+2 Dex+2} (You found it on level 4 of the Dungeon)
  3638 | D:4      | Noticed Grinder
  3662 | D:3      | Reached XP level 7. HP: 5/44 MP: 7/7
  3935 | D:4      | Found a radiant altar of Vehumet.
  3936 | D:4      | Found a burning altar of Makhleb.
  3950 | D:4      | Killed Grinder
  3950 | D:4      | Reached skill level 6 in Dodging
  3950 | D:4      | Reached skill level 5 in Stealth
  4015 | D:4      | Noticed DrakieV's ghost (amateur MfIE)
  4025 | D:4      | Killed DrakieV's ghost
  4025 | D:4      | Reached XP level 8. HP: 45/48 MP: 8/8
  4034 | D:4      | Noticed a sky beast
  4050 | D:4      | Killed a sky beast
  4050 | D:4      | Reached skill level 7 in Dodging
  4569 | D:5      | Entered Level 5 of the Dungeon
  4796 | D:5      | Reached skill level 5 in Fighting
  5059 | D:5      | Reached skill level 1 in Throwing
  5642 | D:6      | Noticed DrakieV's ghost (amateur DENe)
  5651 | D:6      | Killed DrakieV's ghost
  5651 | D:6      | Reached skill level 8 in Dodging
  5887 | D:6      | Noticed Edmund
  5909 | D:6      | Killed Edmund
  5909 | D:6      | Reached skill level 1 in Evocations
  5909 | D:6      | Reached XP level 9. HP: 22/54 MP: 9/9
  6739 | D:7      | Reached **** piety under Trog
  7023 | D:7      | Reached skill level 9 in Dodging
  7260 | D:7      | Reached skill level 1 in Shields
  7342 | D:7      | Found a staircase to the Ecumenical Temple.
  7627 | D:8      | Reached XP level 10. HP: 60/60 MP: 11/11
  7634 | D:8      | Found Tidonuaw's Armour Emporium.
  7716 | D:8      | Bought a +3 chain mail of poison resistance for 329 gold pieces
  7834 | D:8      | Reached ***** piety under Trog
  7851 | D:8      | Found an iron altar of Okawaru.
  8107 | D:8      | Found an ancient bone altar of Kikubaaqudgha.
  8332 | D:8      | Found a bloodstained altar of Trog.
  8332 | D:8      | Noticed Erolcha
  8341 | D:8      | Killed Erolcha
  8556 | D:8      | Reached skill level 10 in Dodging
  8806 | D:9      | Reached XP level 11. HP: 36/66 MP: 12/12
  9046 | D:9      | Noticed Pikel
  9055 | D:9      | Noticed Joseph
  9056 | D:9      | Found a flagged portal.
  9065 | Bailey   | Entered a bailey
  9243 | Bailey   | Reached skill level 10 in Stealth
  9388 | Bailey   | Reached skill level 5 in Shields
  9482 | Bailey   | Received a gift from Trog
  9651 | Bailey   | Reached skill level 11 in Dodging
  9651 | Bailey   | Reached XP level 12. HP: 52/74 MP: 12/15
  9826 | D:9      | Killed Joseph
  9861 | D:9      | Killed Pikel
  9920 | D:9      | Got a fine leather armour
  9931 | D:9      | Identified the +1 leather armour "Esaige" {rC- Str+3 Dex+3} (You found it on level 9 of the Dungeon)
 10059 | D:9      | Reached skill level 10 in Short Blades
 10229 | D:9      | Found a staircase to the Lair.
 10492 | Lair:1   | Entered Level 1 of the Lair of Beasts
 11051 | Lair:1   | Noticed Urug
 11086 | Lair:1   | Killed Urug
 11100 | Lair:1   | Noticed Fannar
 11181 | Lair:1   | HP: 3/75 [wolf (7)]
 11186 | Lair:1   | HP: 3/75 [porcupine (7)]
 11425 | Lair:1   | Reached XP level 13. HP: 7/80 MP: 16/16
 11448 | Lair:1   | Killed from afar by Fannar

Action                   |  1- 3 |  4- 6 |  7- 9 | 10-12 | 13-15 || total
-------------------------+-------+-------+-------+-------+-------++-------
Melee: Short sword       |    17 |       |       |       |       ||    17
       Dagger            |   105 |   172 |   257 |   780 |     1 ||  1315
 Fire: Blowgun           |       |       |    19 |     4 |       ||    23
Invok: Berserk           |     1 |     2 |     4 |     5 |       ||    12
       Trog's Hand       |       |       |     2 |     3 |     1 ||     6
       Burn Spellbooks   |       |       |     1 |       |       ||     1
       Brothers in Arms  |       |       |       |       |     1 ||     1
Evoke: Wand              |       |       |     5 |     1 |       ||     6
  Use: Scroll            |     6 |     3 |     2 |     6 |       ||    17
       Potion            |       |     3 |     6 |     9 |       ||    18
 Stab: Sleeping          |     2 |     4 |    11 |     6 |       ||    23
       Distracted        |     1 |     2 |     2 |     1 |       ||     6
  Eat: Chunk             |    10 |     9 |    17 |    15 |       ||    51
